 Dungeon Crawl Stone Soup version 0.29-a0-341-g24ffce5b50 (webtiles) character file.

Game seed: 10944729689787745164

329 bande the Covered (level 6, -1/38 HPs)
             Began as a Gargoyle Fighter on Apr 21, 2022.
             Was an Initiate of Okawaru.
             Slain by a gnoll
             ... wielding a +0 flail
              (9 damage)
             ... on level 4 of the Dungeon.
             The game lasted 00:05:02 (3612 turns).

bande the Covered (Gargoyle Fighter)                Turns: 3612, Time: 00:05:03

Health: -1/38      AC: 14    Str: 20    XL:     6   Next: 51%
Magic:  6/6        EV:  9    Int:  8    God:    Okawaru [......]
Gold:   112        SH:  4    Dex: 11    Spells: 5/5 levels left

rFire   . . .      SeeInvis .   a - +1 war axe
rCold   . . .      Faith    .   c - +0 buckler
rNeg    + . .      Spirit   .   b - +0 scale mail
rPois   ∞          Reflect  .   h - +0 helmet
rElec   +          Harm     .   (no cloak)
rCorr   +          Rampage  .   (no gloves)
Will    .....                   o - +0 pair of boots
Stlth   ..........              (no amulet)
HPRegen 0.12/turn               m - ring of resist corrosion
MPRegen 0.10/turn               (no ring)

@: no status effects
A: sickness immunity, AC +4, negative energy resistance 1, electricity
resistance, torment resistance 1, petrification resistance
a: Renounce Religion


You were on level 4 of the Dungeon.
You worshipped Okawaru.
Okawaru was noncommittal.
You visited 1 branch of the dungeon, and saw 4 of its levels.

You collected 112 gold pieces.

Inventory:

Hand Weapons
 a - a +1 war axe (weapon)
 n - a +0 flail
Armour
 b - a +0 scale mail (worn)
 c - a +0 buckler (worn)
 h - a +0 helmet (worn)
 o - a +0 pair of boots (worn)
Jewellery
 j - a ring of ice
 m - a ring of resist corrosion (left hand)
Wands
 q - a wand of digging (1)
Scrolls
 l - a scroll of enchant weapon
 r - a scroll of teleportation {unknown}
Potions
 d - a potion of might
 e - a potion of flight
 f - 2 potions of brilliance
 g - 3 potions of curing
 i - a potion of haste {unknown}
 k - a potion of heal wounds {unknown}
 p - 2 potions of magic {unknown}


   Skills:
 + Level 4.1 Fighting
 + Level 4.2 Axes
 + Level 4.7 Armour
 - Level 0.2 Dodging
 + Level 4.0 Shields
 * Level 0.6 Invocations
 * Level 0.4 Evocations


You had 5 spell levels left.
You didn't know any spells.
Your spell library contained the following spells:

 Spells                   Type           Power      Damage    Failure   Level
 Pain                     Necr           0%         1d4       83%         1
 Corpse Rot               Necr/Air       0%         N/A       93%         2
 Gell's Gravitas          Tloc           0%         N/A       99%         3
 Lesser Beckoning         Tloc           0%         N/A       99%         3
 Teleport Other           Tloc           0%         N/A       99%         3
 Dispel Undead            Necr           0%         3d6       100%        4
 Agony                    Necr           0%         N/A       100%        5
 Excruciating Wounds      Necr           0%         N/A       100%        5
 Animate Dead             Necr           Unusable   N/A       N/A         4
 Death Channel            Necr           Unusable   N/A       N/A         6
 Haunt                    Necr/Summ      Unusable   N/A       N/A         7
 Infestation              Necr           Unusable   N/A       N/A         8

Dungeon Overview and Level Annotations

Branches:
Dungeon (4/15)
 Temple: D:4-7

Altars:
Okawaru
Qazlal
The Shining One

Shops:
D:2 (   D:3 ?


Innate Abilities, Weirdness & Mutations

You are immune to sickness and miasma.
Your stone body is resilient. (AC +4)
You are immune to poison.
You resist negative energy. (rN+)
You are resistant to electric shocks. (rElec)
You are resistant to unholy torment.
You are immune to petrification.


Message History

The iguana hisses angrily.
An iguana is nearby!
An ogre comes into view. It is wielding a +0 giant club.
The ogre shouts!
A gnoll comes into view.
It is wielding a +0 club. 2 gnolls come into view.
The gnoll shouts! x2; You hear a shout!
A gnoll comes into view. It is wielding a +0 club.
You block the iguana's attack.
There is an open door here.
You slash the iguana!
The iguana is severely wounded.
The iguana bites you but does no damage.
You hit the iguana but do no damage.
The iguana is severely wounded.
The iguana barely misses you.
The iguana bites you but does no damage.
The ogre barely misses you.
You slash the iguana!
You kill the iguana!
Okawaru accepts your kill.
You slash the ogre! The gnoll hits you but does no damage.
You block the ogre's attack.
You slash the ogre!
The ogre is heavily wounded.
You block the gnoll's attack.
You barely miss the ogre.
The ogre is heavily wounded.
The gnoll hits you but does no damage. The ogre hits you with a +0 giant club.
The gnoll misses you. The gnoll hits you but does no damage.
You hit the ogre.
The ogre is severely wounded.
You hit the gnoll. You barely miss the gnoll.
The ogre hits you with a +0 giant club!!
Ouch! That really hurt!
* * * LOW HITPOINT WARNING * * *
A kobold comes into view. It is wielding a +0 club.
The gnoll hits you but does no damage. x2
The gnoll attacks as you move away! The gnoll hits you with a +0 flail!
You die...

#######.....#..<..#.#.
............'.........
#######.#####....###..
###.# #....'.... #...#
#....###.. #.###
#....# #.. #.#
#....###.. #.#
#......### #@#
####...# #
...K..Ogg...... #...#
#####..g.g..... #...#
#.......... #...#
#.......... #...###
#.......... #......
#.......... #....?.
#.......... #......
#......


You could see an ogre, 4 gnolls and a kobold.

Vanquished Creatures
  A necrophage (D:4)
  A scorpion (D:4)
  A hound (D:4)
  Ijyb (D:3)
  An iguana (D:4)
  4 gnolls (D:3)
  4 adders
  A dart slug (D:3)
  2 orcs (D:3)
  6 ball pythons
  9 bats
  6 endoplasms
  2 giant cockroaches (D:1)
  3 goblins
  7 hobgoblins
  2 jackals (D:1)
  A quokka (D:2)
  A frilled lizard (D:1)
  6 kobolds
  A rat (D:3)
60 creatures vanquished.

Vanquished Creatures (others)
  A hobgoblin (D:1)
  A frilled lizard (D:1)
2 creatures vanquished.

Grand Total: 62 creatures vanquished

Notes
Turn   | Place    | Note
-------+----------+-------------------------------------------
     0 | D:1      | bande the Gargoyle Fighter began the quest for the Orb.
     0 | D:1      | Reached XP level 1. HP: 14/14 MP: 1/1
   182 | D:1      | Reached XP level 2. HP: 18/19 MP: 2/2
   806 | D:1      | Reached XP level 3. HP: 23/23 MP: 3/3
  1038 | D:1      | Found a faded altar of an unknown god.
  1599 | D:2      | Found Zighir's Weapon Shop.
  1872 | D:3      | Found a stormy altar of Qazlal.
  1934 | D:3      | Noticed Ijyb
  1938 | D:3      | Reached XP level 4. HP: 28/28 MP: 4/4
  1963 | D:3      | Killed Ijyb
  2268 | D:3      | Found a glowing golden altar of the Shining One.
  2403 | D:3      | Found Balebrabi's Magic Scroll Emporium.
  2480 | D:3      | Reached XP level 5. HP: 24/33 MP: 5/5
  3325 | D:4      | Reached XP level 6. HP: 38/38 MP: 6/6
  3393 | D:4      | Found an iron altar of Okawaru.
  3420 | D:4      | Became a worshipper of Warmaster Okawaru
  3612 | D:4      | Slain by a gnoll

Illustrated notes

Levels and vault maps discovered:
D:1:      lightli_arrival_quake, layout_basic, shapermc_ecumenical_altar_ellora,
          moated_statue, lemuel_old_faithful
D:2:      layout_rooms, serial_shops, nicolae_shop_bloodbath_and_beyond
D:3:      layout_basic, mainiacjoe_overflow_surrounded_room,
          nicolae_qazlal_general_emergency, serial_shops, nicolae_diamond_shop,
          uniq_ijyb
D:4:      layout_basic, mainiacjoe_overflow_paths

Skill      XL: |  1  2  3  4  5 |
---------------+----------------+-----
Axes           | 2 3 4 |  4.2
Armour         | 4 |  4.7
Fighting       | 4 |  4.1
Shields        | 4 |  4.0
Dodging        | |  0.2
Invocations    | |  0.6
Evocations     | |  0.4

Action                   |  1- 3 |  4- 6 || total
-------------------------+-------+-------++-------
Melee: War axe           |   125 |   102 ||   227
  Use: Scroll            |     7 |     1 ||     8
Armor: Scale mail        |    78 |    62 ||   140
Dodge: Dodged            |    72 |    45 ||   117
Block: Buckler           |    26 |    24 ||    50

Table legend: (Time is in decaauts)
 A = Elapsed time spent in this place.
 B = Non-inter-level travel time spent in this place.
 C = Inter-level travel time spent in this place.
 D = Time resting spent in this place.
 E = Time spent auto-exploring this place.
 F = Levels seen in this place.
 G = Mean time per level.
                   A        B        C        D        E       F      G
               +--------+--------+--------+--------+--------+-----+--------+
         Total |   3704 |   3704 |      0 |    743 |   2346 |   4 |  926.0 |
       Dungeon |   3704 |   3704 |      0 |    743 |   2346 |   4 |  926.0 |
               +--------+--------+--------+--------+--------+-----+--------+

Top non-repeatable levels by time:
     D:3: 1541 daAuts
     D:1: 1240 daAuts
     D:2: 531 daAuts
     D:4: 390 daAuts
